 Dungeon Crawl Stone Soup version 0.25-a0-578-gc91f01c39c (webtiles) character file.

Game seed: 13946648597628779950, levelgen mode: deterministic

79 Flugslaktarn the Shield-Bearer (level 4, 0/40 HPs)
             Began as a Minotaur Fighter on Mar 3, 2020.
             Killed from afar by an orc wizard (6 damage)
             ... with a puff of flame
             ... on level 4 of the Dungeon.
             The game lasted 00:00:22 (720 turns).

Flugslaktarn the Shield-Bearer (Minotaur Fighter)    Turns: 720, Time: 00:00:23

Health: 0/40       AC:  7    Str: 22    XL:     4   Next: 17%
Magic:  3/3        EV:  7    Int:  5    God:
Gold:   29         SH:  9    Dex:  9    Spells: 3/3 levels left

rFire    . . .     SeeInvis .   a - +0 war axe
rCold    . . .     Gourm    .   c - +0 kite shield
rNeg     . . .     Faith    .   b - +0 scale mail
rPois    .         Spirit   .   (helmet restricted)
rElec    .         Reflect  .   (no cloak)
rCorr    .         Harm     .   (no gloves)
MR       .....                  (no boots)
Stlth    ..........             (no amulet)
HPRegen  0.13/turn              (no ring)
MPRegen  0.08/turn              (no ring)

@: no status effects
A: retaliatory headbutt, horns 2
a: no special abilities


You were on level 4 of the Dungeon.
You were not hungry.

You visited 1 branch of the dungeon, and saw 4 of its levels.

You collected 29 gold pieces.

Inventory:

Hand Weapons
 a - a +0 war axe (weapon)
Armour
 b - a +0 scale mail (worn)
 c - a +0 kite shield (worn)
Scrolls
 g - a scroll of immolation {unknown}
Potions
 d - a potion of might
 f - a potion of heal wounds {unknown}
Comestibles
 e - a ration
 h - 8 chunks of flesh


   Skills:
 + Level 4.2 Fighting
 * Level 3.9 Axes
 + Level 4.2 Armour
 + Level 4.2 Shields


You had 3 spell levels left.
You didn't know any spells.
Your spell library was empty.

Dungeon Overview and Level Annotations

Branches:
Dungeon (4/15)
 Temple: D:4-7

Altars:


Innate Abilities, Weirdness & Mutations

You reflexively headbutt those who attack you in melee.
You have a pair of horns on your head.


Message History

You are too injured to fight recklessly!
You are too injured to fight recklessly!
You are too injured to fight recklessly!
You are too injured to fight recklessly!
You are too injured to fight recklessly!
You are too injured to fight recklessly!
You are too injured to fight recklessly!
You are too injured to fight recklessly!
You are too injured to fight recklessly!
You are too injured to fight recklessly!
You barely miss the orc wizard.
The orc wizard is lightly wounded.
You closely miss something.
You hear some strange, mumbled words.
A magic dart appears from out of thin air!
The magic dart hits you but does no damage.
Something hits you but does no damage.
The orc wizard gestures at you while chanting.
The puff of flame hits you.
You die...

.#.# .#.# #..
##.#.# #...
.######..#.###...#
......?..........#
........##.##...#
......{[......#####
....#o@......<....
# #..$###.#.#####.
#..##..........# #
##.
#.#.######.####.# #
#.#)# #.#....#
#.#.######...####
#.).............#
###<######..###..
#.# #..##...


You could see an orc wizard.

Vanquished Creatures
  Natasha (D:2)
  A worker ant (D:2)
  An adder skeleton (D:4)
  9 orcs
  A bat (D:1)
  3 goblins
  3 frilled lizards
  A kobold (D:1)
  A rat (D:1)
21 creatures vanquished.

Notes
Turn   | Place    | Note
-------+----------+-------------------------------------------
     0 | D:1      | Flugslaktarn the Minotaur Fighter began the quest for the
                  | Orb.
     0 | D:1      | Reached XP level 1. HP: 19/19 MP: 0/0
   175 | D:2      | Noticed a worker ant
   183 | D:2      | Killed a worker ant
   183 | D:2      | Reached XP level 2. HP: 3/27 MP: 1/1
   183 | D:2      | Reached XP level 3. HP: 4/33 MP: 2/2
   363 | D:2      | Noticed Natasha
   367 | D:2      | Killed Natasha
   676 | D:4      | Reached XP level 4. HP: 37/40 MP: 3/3
   720 | D:4      | Killed from afar by an orc wizard

Levels and vault maps discovered:
D:1:      nzn_arrival_crosshair, layout_basic, minmay_misc_feat_enclosed,
          minivault_4, kennysheep_decorative_pillar
D:2:      layout_loops_corners, minmay_lizard_king, uniq_natasha
D:3:      layout_loops_ring, lemuel_crystal_altar,
          chequers_temple_overflow_statue_of_worship, first_ration
D:4:      minmay_chambers_of_threes, layout_rooms, minmay_starry_boxes

Skill      XL: |  1  2  3 |
---------------+----------+-----
Axes           | 3 |  3.9
Shields        | 4 |  4.2
Fighting       | 4 |  4.2
Armour         | 4 |  4.2

Action                   |  1- 3 |  4- 6 || total
-------------------------+-------+-------++-------
Melee: War axe           |    55 |    13 ||    68
       Headbutt          |     6 |     1 ||     7
  Use: Potion            |     1 |       ||     1
Armor: Scale mail        |    20 |    12 ||    32
Dodge: Dodged            |    13 |     2 ||    15
Block: Kite shield       |    23 |     8 ||    31

Table legend:
 A = Non-vault XP
 B = Vault XP
 C = Vault XP percentage of total XP
 D = Non-vault monster count
 E = Vault monster count
 F = Vault count percentage of total count
                 A         B        C        D         E       F
            +---------+---------+-------+---------+---------+-------
      Total |      79 |      35 |  30.7 |      20 |       1 |   4.8
            +---------+---------+-------+---------+---------+-------
        D:1 |       8 |       0 |   0.0 |       5 |       0 |   0.0
        D:2 |      37 |      35 |  48.6 |       3 |       1 |  25.0
        D:3 |       3 |       0 |   0.0 |       1 |       0 |   0.0
        D:4 |      31 |       0 |   0.0 |      11 |       0 |   0.0
            +---------+---------+-------+---------+---------+-------
